 Dungeon Crawl Stone Soup version 0.23-a0-741-g38971ea054 (webtiles) character file.

573 KARABOGA the Ducker (level 7, -3/60 HPs)
             Began as a Gnoll Monk on Jan 18, 2019.
             Slain by a shadow imp (6 damage)
             ... summoned by Eustachio
             ... on level 4 of the Dungeon.
             The game lasted 00:05:38 (3616 turns).

KARABOGA the Ducker (Gnoll Monk)                    Turns: 3616, Time: 00:05:39

Health: -3/60      AC:  2    Str: 13      XL:     7   Next: 34%
Magic:  10/10      EV: 17    Int: 12      God:
Gold:   246        SH:  0    Dex: 19 (20) Spells: 5/10 levels left

rFire    . . .     SeeInvis .   i - +1 short sword (venom)
rCold    . . .     Gourm    .   (no shield)
rNeg     . . .     Faith    .   b - +0 robe
rPois    .         Spirit   .   (no helmet)
rElec    .         Reflect  .   (no cloak)
rCorr    .         Harm     .   (no gloves)
MR       .....                  (no boots)
Stlth    +++.......             (no amulet)
HPRegen  0.20/turn              (no ring)
MPRegen  0.12/turn              (no ring)

@: no status effects
A: distributed training, fangs 1, strong nose
a: no special abilities


You were on level 4 of the Dungeon.
You were not hungry.

You visited 1 branch of the dungeon, and saw 4 of its levels.

You collected 246 gold pieces.

Inventory:

Hand Weapons
 a - a +0 falchion
 i - a +1 short sword of venom (weapon)
Armour
 b - a +0 robe (worn)
Jewellery
 g - a +4 amulet of reflection {unknown}
Wands
 d - a wand of enslavement (9)
 o - a wand of random effects (8)
 p - a wand of flame (18)
 q - a wand of iceblast (2)
Scrolls
 f - a scroll of identify
 j - 3 scrolls of remove curse
 l - a scroll of fog {unknown}
 n - a scroll of blinking
 t - a scroll of teleportation
Potions
 e - a potion of agility
 h - 2 potions of heal wounds {unknown}
 k - a potion of magic {unknown}
 m - a potion of brilliance {unknown}
 s - a potion of curing {unknown}
Comestibles
 c - 5 rations
 r - 2 chunks of flesh


   Skills:
 + Level 7.0 Fighting
 + Level 2.3 Short Blades
 + Level 7.0 Long Blades
 + Level 2.3 Axes
 + Level 2.3 Maces & Flails
 + Level 2.3 Polearms
 + Level 2.3 Staves
 + Level 2.3 Slings
 + Level 2.3 Bows
 + Level 2.3 Crossbows
 + Level 2.3 Throwing
 + Level 2.3 Armour
 + Level 7.0 Dodging
 + Level 4.8 Stealth
 + Level 2.3 Shields
 + Level 2.3 Unarmed Combat
 + Level 2.3 Spellcasting
 + Level 1.9 Conjurations
 + Level 1.9 Hexes
 + Level 1.9 Charms
 + Level 1.9 Summonings
 + Level 1.9 Necromancy
 + Level 1.9 Translocations
 + Level 1.9 Transmutations
 + Level 1.9 Fire Magic
 + Level 1.9 Ice Magic
 + Level 1.9 Air Magic
 + Level 1.9 Earth Magic
 + Level 1.9 Poison Magic
 + Level 2.6 Invocations
 + Level 2.3 Evocations


You had 5 spell levels left.
You knew the following spells:

 Your Spells              Type           Power        Failure   Level  Hunger
a - Blink                 Tloc           N/A          19%         2    ###....
b - Mephitic Cloud        Conj/Pois/Air  #.......     34%         3    ####...

Your spell library contained the following spells:

 Spells                   Type           Power        Failure   Level  Hunger
 Magic Dart               Conj           #...         12%         1    ##.....
 Call Imp                 Summ           #.......     19%         2    ###....
 Slow                     Hex            #.......     19%         2    ###....
 Conjure Flame            Conj/Fire      #.......     34%         3    ####...


Dungeon Overview and Level Annotations

Branches:
Dungeon (4/15)
 Temple: D:4-7

Altars:
Fedhas
Kikubaaqudgha
Okawaru
Xom

Annotations:
D:4 Eustachio


Innate Abilities, Weirdness & Mutations

Your experience applies equally to all skills.
You have very sharp teeth.
Your uncanny sense of smell can sniff out nearby items.


Message History

Press: ? - help, Shift-Dir - straight line, f/p - Eustachio
Aim: Eustachio, wielding a +0 rapier and wearing a +0 leather armour (moderately wounded, poisoned)
The puff of flame hits Eustachio.
Eustachio is heavily wounded.
The quokka closely misses you. The quasit closely misses you.
The quasit completely misses you.
The quasit claws you but does no damage.
The adder skeleton bites you.
* * * LOW HITPOINT WARNING * * *
Eustachio barely misses you. The quokka bites you.
* * * LOW HITPOINT WARNING * * *
The shadow imp gestures at you. Pain shoots through your body!
* * * LOW HITPOINT WARNING * * *
The quasit closely misses you.
The quasit claws you but does no damage.
The quasit misses you.
The shadow imp disappears for a moment.
The shadow imp hits you.
You die...

##...#...# .....
##...###÷.. ......
#....).([.. ......
##..#[).).#. ......
#..##.._..##
......#######...#.).).#
......rb..........((....
####.l5@r....##...###...
.....r5@.....###...#....
......5Z###### ##.....##
............... ......#
........##.....∆ .##
........# #### #
........# .......## ∆
....... .......


You could see Eustachio, a quasit, 2 shadow imps, 2 quokkas, a bat, a frilled
lizard, a rat and an adder skeleton.

Vanquished Creatures
  Sigmund (D:2)
  An ogre (D:2)
  2 vampire bats (D:3)
  2 orc wizards
  Robin (D:2)
  4 adders
  A worm (D:4)
  3 dart slugs
  5 leopard geckos
  17 orcs
  3 bat skeletons (D:3)
  A bat zombie (D:3)
  3 giant cockroaches
  9 hobgoblins
  A quokka (D:4)
  A ball python (D:2)
  12 bats
  3 frilled lizards (D:2)
  15 goblins
  11 kobolds
  7 rats
103 creatures vanquished.

Notes
Turn   | Place    | Note
-------+----------+-------------------------------------------
     0 | D:1      | KARABOGA the Gnoll Monk began the quest for the Orb.
     0 | D:1      | Reached XP level 1. HP: 23/23 MP: 1/1
    55 | D:1      | Reached XP level 2. HP: 29/29 MP: 2/2
   566 | D:1      | Reached XP level 3. HP: 33/35 MP: 3/3
   725 | D:2      | Noticed an ogre
   742 | D:2      | Killed an ogre
   742 | D:2      | Reached skill level 1 in Short Blades
   742 | D:2      | Reached skill level 1 in Axes
   742 | D:2      | Reached skill level 1 in Maces & Flails
   742 | D:2      | Reached skill level 1 in Polearms
   742 | D:2      | Reached skill level 1 in Staves
   742 | D:2      | Reached skill level 1 in Slings
   742 | D:2      | Reached skill level 1 in Bows
   742 | D:2      | Reached skill level 1 in Crossbows
   742 | D:2      | Reached skill level 1 in Throwing
   742 | D:2      | Reached skill level 1 in Armour
   742 | D:2      | Reached skill level 1 in Shields
   742 | D:2      | Reached skill level 1 in Unarmed Combat
   742 | D:2      | Reached skill level 1 in Spellcasting
   742 | D:2      | Reached skill level 1 in Conjurations
   742 | D:2      | Reached skill level 1 in Hexes
   742 | D:2      | Reached skill level 1 in Charms
   742 | D:2      | Reached skill level 1 in Summonings
   742 | D:2      | Reached skill level 1 in Necromancy
   742 | D:2      | Reached skill level 1 in Translocations
   742 | D:2      | Reached skill level 1 in Transmutations
   742 | D:2      | Reached skill level 1 in Fire Magic
   742 | D:2      | Reached skill level 1 in Ice Magic
   742 | D:2      | Reached skill level 1 in Air Magic
   742 | D:2      | Reached skill level 1 in Earth Magic
   742 | D:2      | Reached skill level 1 in Poison Magic
   742 | D:2      | Reached skill level 1 in Invocations
   742 | D:2      | Reached skill level 1 in Evocations
   742 | D:2      | Reached XP level 4. HP: 21/41 MP: 3/5
   742 | D:2      | Reached XP level 5. HP: 24/47 MP: 3/6
  1263 | D:2      | Noticed Sigmund
  1278 | D:2      | Killed Sigmund
  1278 | D:2      | Reached XP level 6. HP: 21/53 MP: 8/8
  1635 | D:2      | Found an opulent altar of Gozag.
  1636 | D:2      | Identified the +2 helmet of Divine Compulsion {rPois}
  1636 | D:2      | Noticed Robin
  1637 | D:2      | Found a burning altar of Makhleb.
  1637 | D:2      | Found a radiant altar of Vehumet.
  2054 | D:2      | Killed Robin
  2057 | D:2      | Found a shimmering altar of Xom.
  2057 | D:2      | Found a glowing golden altar of the Shining One.
  2057 | D:2      | Found a blossoming altar of Fedhas.
  2373 | D:3      | Found an ancient bone altar of Kikubaaqudgha.
  2388 | D:3      | Reached XP level 7. HP: 54/59 MP: 10/10
  2728 | D:3      | Learned a level 2 spell: Blink
  2732 | D:3      | Learned a level 3 spell: Mephitic Cloud
  3276 | D:3      | Found a blossoming altar of Fedhas.
  3512 | D:4      | Found an iron altar of Okawaru.
  3605 | D:4      | Noticed Eustachio
  3616 | D:4      | HP: 3/60 [shadow imp/nerve-wracking pain[Eustachio] (7)]
  3616 | D:4      | Slain by a shadow imp

Vault maps used:
D:1:      elethiomel_arrival_infinity_welcomes_careful_drivers
D:2:      doesnt_xom_only_xom, uniq_robin, uniq_sigmund
D:3:      fedhas_altar_fruit_tree, kennysheep_vampire_church
D:4:      kennysheep_kobold_camp, okawaru_ov_weapons_minmay, first_ration,
          minmay_misc_feat_secret_circle, tgw_trog, uniq_eustachio

Skill      XL: |  1  2  3  4  5  6  7 |
---------------+----------------------+-----
Short Blades   | 1 2 |  2.3
Axes           | 1 2 |  2.3
Maces & Flails | 1 2 |  2.3
Polearms       | 1 2 |  2.3
Staves         | 1 2 |  2.3
Slings         | 1 2 |  2.3
Bows           | 1 2 |  2.3
Crossbows      | 1 2 |  2.3
Throwing       | 1 2 |  2.3
Armour         | 1 2 |  2.3
Shields        | 1 2 |  2.3
Unarmed Combat | 1 2 |  2.3
Spellcasting   | 1 2 |  2.3
Conjurations   | 1 |  1.9
Hexes          | 1 |  1.9
Charms         | 1 |  1.9
Summonings     | 1 |  1.9
Necromancy     | 1 |  1.9
Translocations | 1 |  1.9
Transmutations | 1 |  1.9
Fire Magic     | 1 |  1.9
Ice Magic      | 1 |  1.9
Air Magic      | 1 |  1.9
Earth Magic    | 1 |  1.9
Poison Magic   | 1 |  1.9
Invocations    | 1 2 |  2.6
Evocations     | 1 2 |  2.3
Fighting       | 7 |  7.0
Long Blades    | 7 |  7.0
Dodging        | 7 |  7.0
Stealth        | |  4.8

Action                   |  1- 3 |  4- 6 |  7- 9 || total
-------------------------+-------+-------+-------++-------
Melee: Falchion          |    67 |       |       ||    67
       Bite              |     4 |    14 |    12 ||    30
       Short sword       |       |    96 |   101 ||   197
       Punch             |       |     2 |     1 ||     3
Evoke: Wand              |       |       |     2 ||     2
  Use: Scroll            |       |     4 |     1 ||     5
 Stab: Sleeping          |     7 |     3 |     8 ||    18
  Eat: Chunk             |       |     5 |     4 ||     9
Armor: Robe              |     9 |    19 |    21 ||    49
Dodge: Dodged            |    48 |   142 |   109 ||   299
       Rpst.: Falchion   |    15 |       |       ||    15

Table legend:
 A = Non-vault XP
 B = Vault XP
 C = Vault XP percentage of total XP
 D = Non-vault monster count
 E = Vault monster count
 F = Vault count percentage of total count
                 A         B        C        D         E       F
            +---------+---------+-------+---------+---------+-------
      Total |     416 |     403 |  49.2 |      85 |      18 |  17.5
            +---------+---------+-------+---------+---------+-------
        D:1 |      38 |       0 |   0.0 |      21 |       0 |   0.0
        D:2 |     189 |     264 |  58.3 |      26 |       5 |  16.1
        D:3 |     118 |     139 |  54.1 |      27 |      13 |  32.5
        D:4 |      71 |       0 |   0.0 |      11 |       0 |   0.0
            +---------+---------+-------+---------+---------+-------
